 Dungeon Crawl Stone Soup version 0.24.0-13-gcf9b319 (webtiles) character file.

Game seed: 17433703087031643863, levelgen mode: deterministic

11489 Bronimir the Frost Mage (level 11, -4/78 HPs)
             Began as a Merfolk Ice Elementalist on Apr 18, 2020.
             Was a High Priest of Okawaru.
             Slain by a yak (8 damage)
             ... on level 11 of the Dungeon on Apr 19, 2020.
             The game lasted 01:16:38 (19562 turns).

Bronimir the Frost Mage (Merfolk Ice Elementalist) Turns: 19562, Time: 01:16:38

Health: -4/78      AC: 18    Str: 14    XL:     11   Next: 78%
Magic:  5/23       EV: 20    Int: 17    God:    Okawaru [*****.]
Gold:   657        SH: 11    Dex: 14    Spells: 12/26 levels left

rFire    . . .     SeeInvis .   a - +1 spear (vamp)
rCold    . . .     Gourm    .   v - +1 buckler
rNeg     . . .     Faith    .   I - +0 steam dragon scales
rPois    +         Spirit   .   o - +2 helmet
rElec    .         Reflect  +   q - +1 cloak {MR+}
rCorr    .         Harm     .   (no gloves)
MR       +....                  (boots currently unavailable)
Stlth    +++.......             M - +5 amulet of reflection
HPRegen  0.23/turn              s - ring of poison resistance
MPRegen  0.18/turn              S - +4 ring of strength

@: icy armour, very quick
A: change form in water, swift swim, stealthy swim
a: Heroism, Finesse, Renounce Religion


You were on level 11 of the Dungeon.
You worshipped Okawaru.
Okawaru was extremely pleased with you.
You were not hungry.

You visited 2 branches of the dungeon, and saw 12 of its levels.

You collected 657 gold pieces.

Inventory:

Hand Weapons
 a - a +1 vampiric spear (weapon)
 b - a +2 hunting sling of velocity
 e - a +2 short sword of speed
 r - a +3 battleaxe
 x - a +0 glaive
 D - a +2 short sword of draining
 E - a +0 short sword of flaming
 J - a +0 longbow
 K - a +1 trident of venom
 N - a +3 spear
 P - a +4 halberd
 Q - a +1 scimitar of flaming
Missiles
 f - 312 stones
 i - 92 bolts
 j - 247 arrows
 u - 40 sling bullets
 y - 12 poisoned darts (quivered)
 B - 8 silver javelins
Armour
 k - a +2 pair of boots of stealth (melded)
 o - a +2 helmet (worn)
 q - a +1 cloak of magic resistance (worn)
 v - a +1 buckler (worn)
 I - +0 steam dragon scales (worn)
Jewellery
 d - an uncursed amulet of the gourmand
 n - an uncursed ring of resist corrosion
 s - a ring of poison resistance (left hand)
 z - a +2 ring of dexterity
 H - an uncursed ring of flight
 M - a +5 amulet of reflection (around neck)
 S - a +4 ring of strength (right hand)
Wands
 A - a wand of polymorph (4)
 F - a wand of digging (3)
 L - a wand of acid (2)
Scrolls
 g - 7 scrolls of remove curse
 h - a scroll of magic mapping
 t - 6 scrolls of identify
 C - a scroll of enchant armour
 G - 2 scrolls of immolation
Potions
 m - 2 potions of flight
 p - a potion of resistance
Comestibles
 c - 5 rations


   Skills:
 * Level 4.4 Fighting
 - Level 3.7(4.1) Short Blades
 - Level 2.0(3.0) Long Blades
 * Level 6.6 Polearms
 + Level 0.3 Slings
 + Level 3.8 Armour
 * Level 7.1 Dodging
 - Level 2.6 Stealth
 - Level 4.0 Shields
 + Level 8.0 Spellcasting
 - Level 0.7 Conjurations
 + Level 3.1 Charms
 + Level 4.6 Summonings
 * Level 9.6 Ice Magic
 * Level 4.3 Invocations
 + Level 3.9 Evocations


You had 12 spell levels left.
You knew the following spells:

 Your Spells              Type           Power        Failure   Level  Hunger
a - Freeze                Ice            ####         1%          1    None
b - Throw Frost           Conj/Ice       ###...       1%          2    None
c - Ozocubu's Armour      Chrm/Ice       ####....     2%          3    #......
d - Throw Icicle          Conj/Ice       ###.....     12%         4    ###....
e - Summon Ice Beast      Ice/Summ       ####....     5%          4    ###....

Your spell library contained the following spells:

 Spells                   Type           Power        Failure   Level  Hunger


Dungeon Overview and Level Annotations

Branches:
Dungeon (11/15)            Temple (1/1) D:7
   Lair: D:8-11         Orc: D:9-12

Altars:
Ashenzari
Cheibriados
Dithmenos
Elyvilon
Fedhas
Gozag
Hepliaklqana
Kikubaaqudgha
Makhleb
Nemelex Xobeh
Okawaru
Qazlal
Ru
Sif Muna
Trog
Uskayaw
Vehumet
Wu Jian
Xom
Yredelemnul
Zin
The Shining One

Shops:
D:4 [   D:10 (

Annotations:
D:8 3 runed translucent doors, jondo1214's ghost, novice HOFi


Message History

Your Spellcasting skill increases to level 8!
The yak gores you.
* * * LOW HITPOINT WARNING * * *
You block the yak's attack.
Casting: Ozocubu's Armour (safe; 2% risk of failure)
Confirm with . or Enter, or press ? or * to list all spells.
Okay, then.
You hit the yak.
The yak is lightly wounded.
The yak misses you. x2
You hit the yak but do no damage.
The yak is lightly wounded.
You block the yak's attack. x2; The yak gores you.
* * * LOW HITPOINT WARNING * * *
You hit the yak.
You feel better.
You tail-slap the yak.
The yak is lightly wounded.
The yak gores you!
* * * LOW HITPOINT WARNING * * *
The yak gores you!
You die...

.# #Y##.### .# #......#
#.# #####.#...>... ..#
#....Y#####... ..##
#.#.......# . ...#
#.#≈#####)# ...#
#.≈≈≈...#.# #
...#####≈≈≈≈≈#.Y†#.#
...#...≈≈≈≈≈≈.≈†@≈.#
...#.###≈≈≈≈≈≈)YY≈≈#
...#.#...≈≈≈≈≈≈≈≈≈≈≈...
........#.≈≈≈≈≈≈≈≈≈≈≈##
.....#..#.#≈≈≈≈≈≈≈≈≈≈#
........#)##≈≈≈≈≈≈≈≈.#
)......##.###≈≈≈≈≈≈###
####...##.# ##≈≈≈≈##
.......##)# #.≈≈.#


You could see 3 yaks.

Vanquished Creatures
  A two-headed ogre (D:10)
  An unseen horror (D:11)
  Pikel (D:4)
  A manticore (D:11)
  Maurice (D:8)
  A cyclops (D:11)
  An efreet (D:10)
  2 trolls
  2 hippogriffs
  A water elemental (D:11)
  A wyvern (D:9)
  6 yaks (D:11)
  A steam dragon (D:9)
  2 hungry ghosts
  A water moccasin (D:6)
  An ice beast (D:11)
  2 orc warriors
  2 necrophages
  5 ogres
  A phantom (D:4)
  3 centaurs
  A big kobold (D:7)
  3 bullfrogs
  A water moccasin zombie (D:10)
  A wyvern skeleton (D:10)
  8 killer bees
  2 scorpions
  8 wights
  An electric eel (D:11)
  2 quasits
  A centaur zombie (D:5)
  5 hounds
  5 crimson imps
  A jelly (D:8)
  3 bullfrog skeletons
  7 orc priests
  2 centaur skeletons (D:6)
  Ijyb (D:3)
  4 iguanas
  11 orc wizards
  10 worker ants
  2 hound skeletons
  A howler monkey zombie (D:7)
  4 adders
  7 gnolls
  4 shadow imps
  2 adder skeletons
  A worm (D:2)
  A dart slug (D:2)
  5 leopard geckos
  24 orcs
  8 giant cockroaches
  10 goblins
  6 hobgoblins
  20 jackals
  2 quokkas
  A ball python (D:7)
  8 bats
  5 frilled lizards
  A giant cockroach zombie (D:6)
  16 kobolds
  2 quokka zombies
  4 rats
248 creatures vanquished.

Vanquished Creatures (collateral kills)
  2 two-headed ogres
  Joseph (D:8)
  A gargoyle (D:11)
  A troll (D:11)
  A hungry ghost (D:11)
  2 orc warriors
  8 killer bees
  4 wights
  A bullfrog skeleton (D:9)
  An orc wizard (D:11)
  4 gnolls (D:7)
  An orc (D:8)
27 creatures vanquished.

Vanquished Creatures (others)
  2 orcs
  11 plants (D:9)
13 creatures vanquished.

Grand Total: 288 creatures vanquished

Notes
Turn   | Place    | Note
-------+----------+-------------------------------------------
     0 | D:1      | Bronimir the Merfolk Ice Elementalist began the quest for
                  | the Orb.
     0 | D:1      | Reached XP level 1. HP: 13/13 MP: 3/3
   516 | D:1      | Reached XP level 2. HP: 19/19 MP: 0/5
   840 | D:1      | Reached skill level 4 in Ice Magic
  1126 | D:1      | Reached XP level 3. HP: 23/24 MP: 4/6
  1191 | D:1      | Learned a level 2 spell: Throw Frost
  1195 | D:1      | Learned a level 3 spell: Ozocubu's Armour
  1695 | D:2      | Reached XP level 4. HP: 16/30 MP: 0/7
  2501 | D:3      | Noticed Ijyb
  2521 | D:3      | Killed Ijyb
  2526 | D:3      | Reached XP level 5. HP: 35/35 MP: 1/9
  3188 | D:4      | Noticed an ogre
  3222 | D:3      | Killed an ogre
  3222 | D:3      | Reached skill level 1 in Short Blades
  3222 | D:3      | Reached skill level 5 in Ice Magic
  3418 | D:4      | Reached skill level 1 in Charms
  3460 | D:4      | Reached XP level 6. HP: 41/41 MP: 2/11
  3563 | D:4      | Noticed a slave
  3564 | D:4      | Noticed a slave
  3565 | D:4      | Noticed a slave
  3567 | D:4      | Noticed Pikel
  3593 | D:4      | Noticed a slave
  3622 | D:5      | Entered Level 5 of the Dungeon
  3833 | D:5      | Learned a level 4 spell: Throw Icicle
  3889 | D:4      | Killed Pikel
  3889 | D:4      | Reached skill level 1 in Long Blades
  3889 | D:4      | Reached skill level 1 in Armour
  3889 | D:4      | Reached skill level 1 in Shields
  3889 | D:4      | Reached XP level 7. HP: 8/47 MP: 0/13
  4440 | D:4      | Found Wiusowal's Armour Shop.
  4454 | D:4      | Reached XP level 8. HP: 53/53 MP: 11/14
  4928 | D:5      | Learned a level 4 spell: Summon Ice Beast
  4948 | D:5      | Reached skill level 6 in Ice Magic
  5619 | D:5      | Reached skill level 5 in Dodging
  5820 | D:5      | Reached skill level 5 in Spellcasting
  6155 | D:6      | Found an ancient bone altar of Kikubaaqudgha.
  6178 | D:6      | Reached skill level 1 in Summonings
  6460 | D:6      | Found a shattered altar of Ashenzari.
  6549 | D:6      | Reached skill level 1 in Fighting
  7147 | D:6      | Reached XP level 9. HP: 57/59 MP: 17/17
  7897 | D:7      | Found a sacrificial altar of Ru.
  8782 | D:7      | Found a staircase to the Ecumenical Temple.
  8789 | Temple   | Entered the Ecumenical Temple
  8864 | Temple   | Became a worshipper of Warmaster Okawaru
  9094 | D:7      | Reached skill level 1 in Polearms
  9237 | D:7      | Reached skill level 7 in Ice Magic
  9237 | D:7      | Reached skill level 1 in Invocations
  9593 | D:7      | Reached skill level 1 in Evocations
  9835 | D:8      | Reached * piety under Okawaru
  9939 | D:8      | Noticed a two-headed ogre
  9943 | D:8      | Noticed Joseph
 10307 | D:7      | Killed a two-headed ogre
 10307 | D:7      | Reached XP level 10. HP: 48/68 MP: 1/19
 10512 | D:8      | Found a runed translucent gate.
 10512 | D:8      | Found a runed translucent gate.
 10512 | D:8      | Found a runed translucent gate.
 11310 | D:8      | Noticed jondo1214's ghost (novice HOFi)
 11315 | D:8      | Noticed a two-headed ogre
 11341 | D:8      | Killed Joseph
 11341 | D:8      | Reached ** piety under Okawaru
 11775 | D:8      | Noticed Maurice
 11784 | D:8      | Killed a two-headed ogre
 11784 | D:8      | Reached skill level 8 in Ice Magic
 11819 | D:8      | Killed Maurice
 11819 | D:8      | Reached *** piety under Okawaru
 13604 | D:10     | Entered Level 10 of the Dungeon
 13611 | D:10     | Found Olefuyh's Weapon Boutique.
 14196 | D:10     | Reached **** piety under Okawaru
 14802 | D:10     | Reached XP level 11. HP: 37/75 MP: 2/21
 15182 | D:10     | Noticed a two-headed ogre
 15272 | D:10     | Killed a two-headed ogre
 15272 | D:10     | Reached skill level 5 in Polearms
 17711 | D:11     | Reached skill level 9 in Ice Magic
 17972 | D:11     | Reached ***** piety under Okawaru
 18686 | D:11     | Killed an unseen horror
 18686 | D:11     | Received a gift from Okawaru
 18864 | D:11     | Noticed a cyclops
 18879 | D:11     | Killed a cyclops
 19177 | D:11     | Noticed a manticore
 19207 | D:11     | Killed a manticore
 19562 | D:11     | Slain by a yak

Levels and vault maps discovered:
D:1:      onia_arrival_mini_maze, layout_loops_ring
D:2:      layout_loops_cross
D:3:      cheibrodos_greedy_goblins, layout_basic, first_ration, uniq_ijyb
D:4:      layout_loops_ring, serial_shops, shop_fountains, st_stairs_6,
          uniq_pikel
D:5:      layout_basic, portal_sewer_entry_e
D:6:      layout_basic, nicolae_overflow_crystal_walls,
          nicolae_ashenzari_panopticon
D:7:      layout_basic, minmay_temple_entry_gardened_gates, basic_altar
D:8:      layout_layer_cave, gammafunk_ghost_necromancy, uniq_joseph,
          uniq_maurice
D:9:      layout_roguey, david_lair_shrubbed
D:10:     layout_loops_corners, serial_shops, nicolae_shop_stone
D:11:     layout_basic, hangedman_little_slice_of_home,
          chequers_decorated_corner
Temple:   kilobyte_greek_temple

Skill      XL: |  1  2  3  4  5  6  7  8  9 10 11 |
---------------+----------------------------------+-----
Ice Magic      | 4 5 6 7 8 9 |  9.6
Dodging        | 3 4 5 6 7 |  7.1
Short Blades   | 1 2 3 |  3.7
Spellcasting   | 3 4 5 6 7 8 |  8.0
Charms         | 1 2 3 |  3.1
Long Blades    | 1 2 |  2.0
Armour         | 1 2 3 |  3.8
Shields        | 1 2 3 4 |  4.0
Summonings     | 1 3 4 |  4.6
Fighting       | 1 2 3 4 |  4.4
Polearms       | 3 4 6 |  6.6
Invocations    | 1 3 4 |  4.3
Evocations     | 1 3 |  3.9
Slings         | |  0.3
Stealth        | |  2.6
Conjurations   | |  0.7

Action                   |  1- 3 |  4- 6 |  7- 9 | 10-12 || total
-------------------------+-------+-------+-------+-------++-------
Melee: Dagger            |    66 |    32 |       |       ||    98
       Hand axe          |     1 |       |       |       ||     1
       Unarmed           |       |     6 |       |       ||     6
       Falchion          |       |    20 |    38 |       ||    58
       Short sword       |       |       |   203 |       ||   203
       Spear             |       |       |   213 |   612 ||   825
       Tailslap          |       |       |       |    15 ||    15
 Fire: Hunting sling     |       |       |       |     6 ||     6
Throw: Dart              |       |       |       |     2 ||     2
 Cast: Freeze            |    43 |    41 |   164 |   187 ||   435
       Ozocubu's Armour  |     1 |     3 |    36 |    54 ||    94
       Throw Frost       |       |     4 |    16 |    23 ||    43
       Summon Ice Beast  |       |       |     6 |    36 ||    42
       Throw Icicle      |       |       |       |    30 ||    30
Invok: Heroism           |       |       |       |    12 ||    12
Evoke: Wand              |       |     1 |    12 |    22 ||    35
  Use: Scroll            |       |     4 |    11 |     6 ||    21
       Potion            |       |     4 |       |     6 ||    10
 Stab: Sleeping          |    10 |     2 |     8 |     7 ||    27
       Distracted        |       |       |       |     3 ||     3
  Eat: Chunk             |     3 |     7 |    17 |    32 ||    59
       Ration            |       |       |     6 |     4 ||    10
Armor: Robe              |    23 |    23 |   146 |    47 ||   239
       Skin              |       |     4 |       |       ||     4
       Leather armour    |       |    26 |   144 |       ||   170
       Steam dragon scal |       |       |       |   238 ||   238
Dodge: Dodged            |    66 |    84 |   553 |   599 ||  1302
Block: Buckler           |       |    20 |   197 |   380 ||   597
       Reflection        |       |       |       |     3 ||     3
       Rpst.: Falchion   |       |    12 |     3 |       ||    15
